 Dungeon Crawl Stone Soup version 0.24.0-13-gcf9b3192b9 (webtiles) character file.

Game seed: 5684790908988792675, levelgen mode: deterministic

135251 Arum the Warrior (level 17, -19/151 HPs)
             Began as a Formicid Fighter on Nov 9, 2019.
             Was the Champion of Makhleb.
             Demolished by an alligator (20 damage)
             ... called by a spriggan druid
             ... on level 3 of the Swamp.
             The game lasted 01:01:31 (26786 turns).

Arum the Warrior (Formicid Fighter)                Turns: 26786, Time: 01:01:32

Health: -19/151    AC: 24    Str: 27    XL:     17   Next: 77%
Magic:  24/24      EV: 14    Int: 12    God:    Makhleb [******]
Gold:   828        SH: 18    Dex: 17    Spells: 8/16 levels left

rFire    . . .     SeeInvis +   U - +10 morningstar "Eos" {elec, Halo rElec}
rCold    + . .     Gourm    .   c - +1 shield
rNeg     . . .     Faith    .   T - +10 scale mail of Hadjma {Dex+2}
rPois    +         Spirit   .   (helmet unavailable)
rElec    +         Reflect  +   F - +1 cloak {rPois}
rCorr    .         Harm     .   h - +0 pair of gloves
MR       +++..                  a - +0 pair of boots {run}
Stlth    ..........             Y - +4 amulet of reflection
HPRegen  0.35/turn              H - ring of the Mage {Wiz MR++ Int+3}
MPRegen  0.19/turn              I - ring of protection from cold

@: mighty, glowing, quick
A: permanent stasis, dig shafts and tunnels, four strong arms, antennae 3
a: Dig, Shaft Self, Minor Destruction, Lesser Servant of Makhleb, Major
Destruction, Greater Servant of Makhleb, Renounce Religion


You were on level 3 of the Swamp.
You worshipped Makhleb.
Makhleb was exalted by your worship.
You were very hungry.

You visited 6 branches of the dungeon, and saw 28 of its levels.
You visited 1 bazaar.
You also visited: Sewer, Gauntlet and Ice Cave.

You collected 2745 gold pieces.
You spent 1917 gold pieces at shops.

Inventory:

Hand Weapons
 y - a +8 lajatang
 G - the +7 mace of Variability {chain chaos}
   (You found it on level 9 of the Dungeon)

   Each time it hits an enemy it has a different, random effect.
 U - the +10 morningstar "Eos" (weapon) {elec, Halo rElec}
   (You bought it in a shop on level 14 of the Dungeon)

   Occasionally, upon striking a foe, it will discharge some electrical energy
   and cause terrible harm.
   It insulates you from electricity.
Missiles
 i - 5 throwing nets (quivered)
 B - 23 silver javelins
Armour
 a - a +0 pair of boots of running (worn)
 c - a +1 shield (worn)
 h - a +0 pair of gloves (worn)
 r - a +2 chain mail of poison resistance
 x - +0 fire dragon scales
 F - a +1 cloak of poison resistance (worn)
 L - a +1 chain mail of cold resistance
 S - a +1 cloak of magic resistance
 T - the +10 scale mail of Hadjma (worn) {Dex+2}
   (You found it on level 13 of the Dungeon)

   It affects your dexterity (+2).
Jewellery
 b - an uncursed ring of flight
 l - an uncursed amulet of magic regeneration
 v - an uncursed ring of protection from fire
 H - the ring of the Mage (left hand) {Wiz MR++ Int+3}
   (You took it off a vampire on level 13 of the Dungeon)

   [ring of wizardry]

   It improves your spell success rate.
   It affects your intelligence (+3).
   It affects your resistance to hostile enchantments.
 I - a ring of protection from cold (right hand)
 K - an uncursed ring of protection from cold
 W - an uncursed ring of poison resistance
 X - an uncursed ring of protection from fire
 Y - a +4 amulet of reflection (around neck)
Wands
 e - a wand of iceblast (29)
 D - a wand of clouds (4)
 M - a wand of digging (17)
Scrolls
 j - 9 scrolls of fear
 k - 5 scrolls of remove curse
 n - 7 scrolls of identify
 u - 3 scrolls of enchant armour
 w - a scroll of amnesia
 A - 5 scrolls of immolation
 Z - 5 scrolls of fog
Potions
 d - 4 potions of might
 g - 7 potions of flight
 m - 11 potions of curing
 o - 2 potions of invisibility
 q - 2 potions of resistance
 s - 3 potions of magic
 t - 8 potions of mutation
 z - 5 potions of lignification
 C - 8 potions of heal wounds
 J - 2 potions of cancellation
 N - 3 potions of agility
 Q - 2 potions of brilliance
Miscellaneous
 p - a box of beasts
 V - 2 sacks of spiders
Comestibles
 f - 51 rations


   Skills:
 + Level 18.8 Fighting
 + Level 11.5(14.2) Maces & Flails
 - Level 14.0(15.4) Staves
 - Level 12.0 Armour
 + Level 5.7 Dodging
 - Level 10.3 Shields
 - Level 10.0 Invocations


You had 8 spell levels left.
You knew the following spells:

 Your Spells              Type           Power        Failure   Level  Hunger
a - Necromutation         Tmut/Necr      #.........   100%        8    #######

Your spell library contained the following spells:

 Spells                   Type           Power        Failure   Level  Hunger
 Animate Skeleton         Necr           N/A          24%         1    ##.....
 Apportation              Tloc           #.....       24%         1    ##.....
 Confusing Touch          Hex            #.....       24%         1    ##.....
 Corona                   Hex            #......      24%         1    ##.....
 Infusion                 Chrm           #...         24%         1    ##.....
 Summon Butterflies       Summ           #.......     24%         1    ##.....
 Summon Small Mammal      Summ           #...         24%         1    ##.....
 Call Imp                 Summ           #.......     34%         2    ###....
 Ensorcelled Hibernation  Hex/Ice        #.....       34%         2    ###....
 Song of Slaying          Chrm           #.......     34%         2    ###....
 Throw Frost              Conj/Ice       #.....       34%         2    ###....
 Call Canine Familiar     Summ           #.......     56%         3    ####...
 Confuse                  Hex            #.......     56%         3    ####...
 Dazzling Spray           Conj/Hex       #.....       56%         3    ####...
 Gell's Gravitas          Tloc           #.........   56%         3    ####...
 Ignite Poison            Fire/Tmut/Pois #.......     56%         3    ####...
 Inner Flame              Hex/Fire       #.......     56%         3    ####...
 Stone Arrow              Conj/Erth      #.....       56%         3    ####...
 Summon Guardian Golem    Hex/Summ       #.......     56%         3    ####...
 Tukima's Dance           Hex            #.......     56%         3    ####...
 Leda's Liquefaction      Hex/Erth       #.........   91%         4    #####..
 Petrify                  Tmut/Erth      #.......     91%         4    #####..
 Sticky Flame             Conj/Fire      #.......     91%         4    #####..
 Summon Ice Beast         Ice/Summ       #.......     91%         4    #####..
 Summon Lightning Spire   Summ/Air       #.......     91%         4    #####..
 Agony                    Necr           #.......     99%         5    ######.
 Bolt of Magma            Conj/Fire/Erth #.........   99%         5    ######.
 Fireball                 Conj/Fire      #.........   99%         5    ######.
 Iskenderun's Battlesphe  Conj/Chrm      #.......     99%         5    ######.
 Lightning Bolt           Conj/Air       #.........   99%         5    ######.
 Metabolic Englaciation   Hex/Ice        #.........   99%         5    ######.
 Summon Mana Viper        Hex/Summ       #.......     99%         5    ######.
 Venom Bolt               Conj/Pois      #.........   99%         5    ######.
 Yara's Violent Unravell  Hex/Tmut       #.........   99%         5    ######.
 Bolt of Fire             Conj/Fire      #.........   100%        6    #######
 Iron Shot                Conj/Erth      #.........   100%        6    #######
 Haunt                    Necr/Summ      #.........   100%        7    #######
 Orb of Destruction       Conj           #.........   100%        7    #######
 Ring of Flames           Chrm/Fire      #.........   100%        7    #######
 Spellforged Servitor     Conj/Summ      #.........   100%        7    #######
 Summon Hydra             Summ           #.........   100%        7    #######
 Borgnjor's Revivificati  Necr           #.........   100%        8    #######
 Death's Door             Chrm/Necr      #.........   100%        8    #######
 Ignition                 Fire           #.........   100%        8    #######
 Infestation              Necr           #.........   100%        8    #######


Dungeon Overview and Level Annotations

Branches:
Dungeon (15/15)            Temple (1/1) D:6            Lair (6/6) D:9
  Swamp (3/4) Lair:3       Spider (0/4) Lair:4        Slime (0/5) Lair:5
    Orc (2/2) D:11            Elf (0/3) Orc:2        Vaults (0/5) D:13
 Depths (1/5) D:15          Sewer (visited)           IceCv (visited)
Gauntlet (visited)

Altars:
Ashenzari
Cheibriados
Dithmenos
Elyvilon
Fedhas
Gozag
Hepliaklqana
Kikubaaqudgha
Makhleb
Nemelex Xobeh
Okawaru
Qazlal
Ru
Sif Muna
Trog
Uskayaw
Vehumet
Wu Jian
Xom
Yredelemnul
Zin
The Shining One
Beogh

Shops:
D:6 (   D:11 %   D:13 =   D:14 (*(**   Orc:2 (%!}


Innate Abilities, Weirdness & Mutations

You cannot be hasted, slowed, berserked, paralysed or teleported.
You can dig through walls and to a lower floor.
Your four strong arms can wield two-handed weapons with a shield.
You have a pair of large antennae on your head. (SInv)


Message History

You puncture the spriggan rider!
Lightning courses through the spriggan rider!
The spriggan rider is heavily wounded.
You block the alligator's attack. The alligator tail-slaps you!
* * * LOW HITPOINT WARNING * * *
You block the spriggan rider's attack.
Unknown command.
You puncture the alligator!
The alligator is lightly wounded.
The alligator bites you!
* * * LOW HITPOINT WARNING * * *
You block the alligator's attack.
Unknown command.
Unknown command.
You barely miss the spriggan rider.
The spriggan rider is heavily wounded.
The spriggan rider hits you with the +4 trident "Efinga" {venom, +Blink +Fly rPois rF-}!!
* * * LOW HITPOINT WARNING * * *
The alligator bites you!!
You die...

≈≈.♣♣ ♣♣♣♣♣♣≈≈≈≈≈≈ ≈≈≈.♣
♣P=♣.§≈≈≈≈≈≈ ≈≈≈.♣♣
♣♣.♣#..≈≈≈≈≈≈ .≈≈..♣
♣♣..#⌠..≈.≈§≈ ≈≈≈..♣♣♣♣
♣...#....♣ ≈≈≈.≈.♣.♣ ♣.'...♣
≈≈≈≈≈≈..♣ ♣.#.wt♣
.≈≈≈≈≈..♣♣...♣#ti♣♣ ♣♣≈
≈≈≈≈≈≈≈.♣♣.. ♣♣#@♣♣♣♣♣♣♣♣♣ ♣....
...≈≈≈≈.♣♣♣ ♣).♣........≈♣♣..≈≈≈
.≈.≈≈≈≈.♣ ♣♣♣♣♣≈≈..≈≈.....≈≈≈§≈
...≈≈≈..♣♣♣♣≈.≈.≈≈≈....≈≈.≈≈≈≈.≈
≈≈≈≈≈≈≈.♣♣§....♣♣♣.....≈≈≈≈.≈.♣
.....≈≈≈≈≈≈≈≈≈.♣ ♣≈♣...≈≈§.≈.≈♣
.≈≈≈≈≈≈≈≈≈≈≈≈≈.♣ ♣♣♣♣♣♣...≈≈..♣
.♣♣♣♣≈.≈≈≈≈≈≈≈.♣♣♣♣♣♣≈♣♣....>♣♣♣
.≈♣♣♣♣.≈≈≈≈≈≈=≈♣≈..♣.≈.≈.≈≈≈≈.≈♣


You could see 2 alligators, a tyrant leech and a spriggan rider.

Vanquished Creatures
  The ghost of TrebMcFLY the Brawler, an adept TrMo of Okawaru (Swamp:3)
  Kirke (Lair:6)
  A thorn hunter (Swamp:3)
  A frost giant (D:13)
  An orc warlord (Orc:2)
  2 stone giants
  A very ugly thing (D:13)
  A minotaur (Gauntlet)
  2 blizzard demons (IceCv)
  Josephine (Lair:4)
  A fire dragon (D:13)
  A deep elf high priest (D:13)
  Harold (D:7)
  2 shambling mangroves
  16 hydras
  A death knight (D:12)
  3 centaur warriors
  7 alligators
  An ogre mage (D:13)
  3 two-headed ogres
  A tengu warrior (D:9)
  5 death yaks (Gauntlet)
  A deep troll earth mage (D:13)
  3 orc high priests (Orc:2)
  Sonja (Lair:5)
  2 swamp dragons
  2 skeletal warriors (D:15)
  2 spriggan druids (Swamp:3)
  A wizard (Swamp:2)
  A harpy (shapeshifter) (D:13)
  A phantasmal warrior (D:15)
  2 necromancers
  An orb spider (Lair:4)
  An orc knight (D:15)
  2 orc sorcerers
  An ugly thing (D:12)
  3 deep elf magi
  6 cyclopes
  A frost giant zombie (D:15)
  A stone giant zombie (D:15)
  An oklob plant (Orc:1)
  2 manticores
  A guardian serpent (shapeshifter) (D:13)
  18 elephants
  3 black mambas
  A moth of wrath (shapeshifter) (D:13)
  An ice statue (Gauntlet)
  Maurice (D:11)
  12 spiny frogs
  5 gargoyles
  A spriggan zombie (D:15)
  2 efreet
  A kobold demonologist (D:9)
  5 anaconda simulacra (IceCv)
  3 freezing wraiths (IceCv)
  2 rime drakes
  7 ice devils (IceCv)
  7 komodo dragons
  2 tengu conjurers
  7 trolls
  A golden dragon simulacrum (IceCv)
  3 meliai (D:15)
  4 polar bears (Lair:6)
  2 wolf spider simulacra (IceCv)
  6 tyrant leeches
  4 bog bodies
  20 hornets
  17 slime creatures
  3 blink frogs (Lair:5)
  A dream sheep (Lair:6)
  14 hippogriffs
  An air elemental (D:12)
  5 shadows
  A tarantella (shapeshifter) (D:14)
  A water elemental (D:11)
  27 spriggans
  46 yaks
  A wyvern (D:14)
  3 vampires
  2 dire elephant simulacra (IceCv)
  5 basilisks
  6 hogs
  A human (D:8)
  11 wraiths
  A fire elemental (D:12)
  6 vampire mosquitoes
  An elf skeleton (D:15)
  10 swamp worms
  Menkaure (D:5)
  A harpy simulacrum (IceCv)
  5 insubstantial wisps
  A soldier ant (D:9)
  A swamp worm (shapeshifter) (D:13)
  6 porcupines
  13 water moccasins
  4 swamp drakes
  A black bear (Lair:6)
  5 hydra simulacra (IceCv)
  An ettin simulacrum (IceCv)
  3 sky beasts
  30 orc warriors
  An eye of draining (D:10)
  A necrophage (D:8)
  4 phantoms
  4 ice beasts
  A tengu (shapeshifter) (D:13)
  9 ogres
  26 wolves
  7 boggarts
  15 crocodiles
  16 centaurs
  5 big kobolds
  23 bullfrogs
  An earth elemental (D:12)
  3 gnoll sergeants (D:6)
  3 wyvern zombies
  2 wyvern skeletons (D:14)
  A water moccasin skeleton (D:5)
  5 scorpions
  A swamp dragon simulacrum (IceCv)
  10 killer bees
  A howler monkey (D:12)
  6 wights (D:9)
  10 electric eels
  6 crimson imps
  4 bullfrog zombies
  5 centaur zombies
  7 jellies
  4 draconian simulacra (IceCv)
  10 hounds
  28 orc priests
  2 centaur skeletons
  Crazy Yiuf (D:6)
  A bullfrog skeleton (D:7)
  A gnoll shaman (D:6)
  6 iguanas
  33 orc wizards
  Natasha (thrice) (D:2)
  4 hell rats (Lair:4)
  3 spriggan simulacra (IceCv)
  A troll simulacrum (IceCv)
  14 worker ants
  A polar bear simulacrum (IceCv)
  2 centaur simulacra (IceCv)
  4 hound skeletons
  21 adders
  28 gnolls
  2 naga simulacra (IceCv)
  A river rat (Sewer)
  9 shadow imps
  3 white imps (IceCv)
  6 ufetubi (IceCv)
  7 oozes
  2 adder skeletons (D:5)
  3 worms
  4 dart slugs
  11 leopard geckos
  87 orcs
  10 giant cockroaches
  11 goblins
  11 hobgoblins
  23 jackals
  4 quokkas
  3 ball pythons
  A ball python zombie (D:5)
  11 bats
  7 frilled lizards
  31 kobolds
  2 quokka skeletons
  13 rats
  A fungus (D:6)
1050 creatures vanquished.

Vanquished Creatures (others)
  A cyclops (Orc:2)
  A water elemental (D:12)
  An orc warrior (Orc:2)
  2 centaurs
  A killer bee (D:11)
  2 orcs
  2 demonic plants (Gauntlet)
  3 fungi
  2 plants
  13 withered plants (Gauntlet)
28 creatures vanquished.

Grand Total: 1078 creatures vanquished

Notes
Turn   | Place    | Note
-------+----------+-------------------------------------------
     0 | D:1      | Arum the Formicid Fighter began the quest for the Orb.
     0 | D:1      | Reached XP level 1. HP: 18/18 MP: 1/1
    47 | D:1      | Reached XP level 2. HP: 23/24 MP: 2/2
   185 | D:1      | Reached XP level 3. HP: 26/30 MP: 3/3
   699 | D:2      | Found a radiant altar of Vehumet.
   730 | D:2      | Reached skill level 4 in Fighting
   730 | D:2      | Reached XP level 4. HP: 15/37 MP: 4/4
  1059 | D:2      | Found a burning altar of Makhleb.
  1061 | D:2      | Noticed Natasha
  1070 | D:2      | Killed Natasha
  1070 | D:2      | Reached XP level 5. HP: 36/43 MP: 5/5
  1085 | D:2      | Became a worshipper of Makhleb the Destroyer
  1207 | D:2      | Noticed Natasha
  1215 | D:2      | Killed Natasha
  1215 | D:2      | Reached skill level 5 in Shields
  1248 | D:2      | Noticed Natasha
  1260 | D:2      | Killed Natasha
  1538 | D:2      | Reached XP level 6. HP: 12/49 MP: 6/6
  2023 | D:3      | Found a glowing drain.
  2066 | Sewer    | Entered a sewer
  2165 | Sewer    | Reached skill level 5 in Fighting
  2183 | Sewer    | Reached * piety under Makhleb
  2205 | Sewer    | Found a white marble altar of Elyvilon.
  2336 | D:3      | Noticed an ice beast
  2355 | D:3      | Killed an ice beast
  2355 | D:3      | Reached XP level 7. HP: 35/56 MP: 7/7
  3217 | D:4      | Reached skill level 6 in Fighting
  3464 | D:4      | Reached skill level 5 in Staves
  3494 | D:4      | Reached XP level 8. HP: 54/64 MP: 8/8
  3734 | D:4      | Reached ** piety under Makhleb
  3977 | D:5      | Entered Level 5 of the Dungeon
  3999 | D:5      | Got a warped spear
  4000 | D:5      | Identified the +4 spear of Xom's Pride {pierce, Int+6} (You
                  | found it on level 5 of the Dungeon)
  4465 | D:5      | Reached skill level 7 in Fighting
  4790 | D:6      | Found a staircase to the Ecumenical Temple.
  4790 | D:6      | Noticed Menkaure
  4849 | D:5      | Killed Menkaure
  4849 | D:5      | Reached XP level 9. HP: 72/72 MP: 9/9
  4891 | Temple   | Entered the Ecumenical Temple
  5272 | D:6      | Found Zeole's Weapon Shoppe.
  5445 | D:6      | Reached skill level 8 in Fighting
  5463 | D:6      | Reached *** piety under Makhleb
  5944 | D:6      | Found a runed translucent door.
  5945 | D:6      | Noticed Crazy Yiuf
  5955 | D:6      | Killed Crazy Yiuf
  6277 | D:7      | Reached XP level 10. HP: 82/82 MP: 10/10
  6285 | D:7      | Noticed Harold
  6294 | D:7      | Killed Harold
  6294 | D:7      | Reached skill level 9 in Fighting
  6294 | D:7      | Reached skill level 10 in Shields
  6346 | D:7      | Reached **** piety under Makhleb
  6826 | D:8      | Reached skill level 10 in Fighting
  7307 | D:8      | Reached skill level 5 in Armour
  7330 | D:8      | Reached XP level 11. HP: 79/92 MP: 11/11
  7495 | D:9      | Noticed a deep elf mage
  7498 | D:9      | Noticed an orc sorcerer
  7513 | D:9      | Killed an orc sorcerer
  7517 | D:9      | Killed a deep elf mage
  7527 | D:9      | Noticed a tengu warrior
  7550 | D:9      | Killed a tengu warrior
  7550 | D:9      | Reached skill level 11 in Fighting
  7712 | D:9      | Noticed a centaur warrior
  7717 | D:9      | Killed a centaur warrior
  7717 | D:9      | Reached skill level 10 in Staves
  7784 | D:9      | Found a staircase to the Lair.
  7876 | D:9      | Reached ***** piety under Makhleb
  8104 | D:9      | Found an ancient bone altar of Kikubaaqudgha.
  8603 | D:9      | Identified the Tome of Harmful Augmentations
  8604 | D:9      | Found the +7 mace of Variability {chain chaos}
  8689 | D:9      | Got a faintly glowing ring mail
  8690 | D:9      | Identified the cursed +0 ring mail "Fierueku" {rF++ Regen+
                  | Str+2} (You found it on level 9 of the Dungeon)
  8717 | D:10     | Entered Level 10 of the Dungeon
  8854 | D:10     | Reached XP level 12. HP: 102/102 MP: 12/12
  9630 | D:11     | Reached skill level 12 in Fighting
  9756 | D:11     | Found a roughly hewn altar of Beogh.
  9756 | D:11     | Found a staircase to the Orcish Mines.
  9872 | D:11     | Reached ****** piety under Makhleb
  9955 | D:11     | Found a shimmering altar of Xom.
  9955 | D:11     | Noticed Maurice
  9961 | D:11     | Found a shimmering altar of Xom.
  9974 | D:11     | Killed Maurice
 10963 | D:11     | Found Lafoaqyo's Food Boutique.
 11338 | D:12     | Reached skill level 10 in Armour
 11374 | D:12     | Found an opulent altar of Gozag.
 11401 | D:12     | Noticed a death knight
 11427 | D:12     | Killed a death knight
 11427 | D:12     | Reached skill level 13 in Fighting
 11427 | D:12     | Reached XP level 13. HP: 43/111 MP: 13/13
 11859 | D:12     | Found a large runed translucent door.
 11861 | D:12     | Found a large runed translucent door.
 12159 | D:13     | Noticed a centaur warrior
 12176 | D:13     | Killed a centaur warrior
 12386 | D:13     | Found Ucaubriz's Jewellery Boutique.
 12464 | D:13     | Noticed a centaur warrior
 12475 | D:13     | Killed a centaur warrior
 12563 | D:13     | Found a gate to the Vaults.
 12654 | D:13     | Got an encrusted scale mail
 12655 | D:13     | Identified the +10 scale mail of Hadjma {Dex+2} (You found
                  | it on level 13 of the Dungeon)
 12730 | D:13     | Noticed a fire dragon
 12732 | D:13     | Noticed a white very ugly thing
 12747 | D:13     | Killed a fire dragon
 12760 | D:13     | Killed a white very ugly thing
 12799 | D:13     | Reached skill level 14 in Fighting
 12800 | D:13     | Noticed a deep elf high priest
 12803 | D:13     | Killed a deep elf high priest
 12969 | D:13     | Noticed a stone giant
 12979 | D:13     | Killed a stone giant
 13027 | D:13     | Noticed an ettin
 13027 | D:13     | Noticed a frost giant
 13033 | D:13     | an ettin changed into a wolf spider
 13055 | D:13     | Killed a frost giant
 13055 | D:13     | Reached XP level 14. HP: 66/121 MP: 14/14
 13273 | D:13     | Identified the Collected Works on Conjuration and Darkness
 13552 | D:14     | Reached skill level 1 in Invocations
 13559 | D:14     | Found Hoczuqis's General Store.
 13579 | D:14     | Bought a scroll of enchant weapon for 112 gold pieces
 13579 | D:14     | Bought 2 potions of heal wounds for 150 gold pieces
 13691 | D:14     | Found Geunuidgh's Weapon Shop.
 13986 | D:14     | Found Kikecs's Antique Weapon Shop.
 14034 | D:14     | Found Nafaommot's Assorted Antiques.
 14051 | D:14     | Found Ibik's Assorted Antiques.
 14273 | D:15     | Entered Level 15 of the Dungeon
 14513 | D:15     | Found a snail-covered altar of Cheibriados.
 14561 | D:15     | Reached skill level 15 in Fighting
 14561 | D:15     | Reached skill level 5 in Invocations
 14935 | D:15     | Found a staircase to the Depths.
 15261 | Depths:1 | Entered Level 1 of the Depths
 15261 | Depths:1 | Noticed a stone giant
 15272 | D:15     | Killed a stone giant
 15390 | Orc:1    | Entered Level 1 of the Orcish Mines
 15629 | Orc:1    | Reached skill level 1 in Maces & Flails
 15965 | Orc:2    | Entered Level 2 of the Orcish Mines
 15965 | Orc:2    | Found a staircase to the Elven Halls.
 16041 | Orc:2    | Found a roughly hewn altar of Beogh.
 16066 | Orc:2    | Reached XP level 15. HP: 94/129 MP: 20/20
 16128 | Orc:2    | Found a flickering gateway to a bazaar.
 16256 | Bazaar   | Entered a bazaar
 16261 | Bazaar   | Found Acestot's General Store.
 16264 | Bazaar   | Found Neiwel's Book Shoppe.
 16269 | Bazaar   | Found Posar's Armour Shoppe.
 16269 | Bazaar   | Found Kyarhin's Magic Scroll Emporium.
 16555 | Bazaar   | Bought a scroll of immolation for 38 gold pieces
 16555 | Bazaar   | Bought a scroll of magic mapping for 38 gold pieces
 16555 | Bazaar   | Bought a scroll of remove curse for 33 gold pieces
 16555 | Bazaar   | Bought a scroll of identify for 22 gold pieces
 16555 | Bazaar   | Bought a scroll of magic mapping for 38 gold pieces
 16555 | Bazaar   | Bought a scroll of enchant armour for 82 gold pieces
 16555 | Bazaar   | Bought a scroll of fear for 38 gold pieces
 16677 | Orc:2    | Found Ycitwab's Food Boutique.
 16677 | Orc:2    | Found Xiolo's Gadget Shop.
 16845 | Orc:2    | Found Kuadydukk's Distillery.
 16848 | Orc:2    | Found Jasot's Weapon Boutique.
 16866 | Orc:2    | Noticed an orc warlord
 16898 | Orc:2    | Killed an orc warlord
 17158 | Orc:2    | Bought a potion of curing for 42 gold pieces
 17158 | Orc:2    | Bought a potion of heal wounds for 70 gold pieces
 17158 | Orc:2    | Bought a potion of heal wounds for 70 gold pieces
 17333 | D:14     | Bought the +10 morningstar "Eos" {elec, Halo rElec} for
                  | 1184 gold pieces
 17333 | D:14     | Found the +10 morningstar "Eos" {elec, Halo rElec}
 17417 | Lair:1   | Entered Level 1 of the Lair of Beasts
 17811 | Lair:1   | Reached skill level 16 in Fighting
 19146 | Lair:3   | Found a staircase to the Swamp.
 19277 | Lair:3   | Reached skill level 5 in Maces & Flails
 19993 | Lair:4   | Identified the Guide on Supportive Bewitchment
 20011 | Lair:4   | Found a gate leading to a gauntlet.
 20029 | Gauntlet | Entered a Gauntlet
 20029 | Gauntlet | Found a transporter.
 20029 | Gauntlet | Found a large runed translucent door.
 20029 | Gauntlet | Found a large runed translucent door.
 20029 | Gauntlet | Found a large runed translucent door.
 20029 | Gauntlet | Found a large runed translucent door.
 20029 | Gauntlet | Found a runed translucent door.
 20029 | Gauntlet | Found a runed translucent door.
 20029 | Gauntlet | Found a large runed translucent door.
 20029 | Gauntlet | Found a large runed translucent door.
 20029 | Gauntlet | Found a large runed translucent door.
 20029 | Gauntlet | Found a large runed translucent door.
 20029 | Gauntlet | Found a large runed translucent door.
 20029 | Gauntlet | Found a large runed translucent door.
 20030 | Gauntlet | Found a large runed translucent door.
 20030 | Gauntlet | Found a large runed translucent door.
 20039 | Gauntlet | Found a transporter.
 20054 | Gauntlet | Found a transporter.
 20059 | Gauntlet | Found a transporter.
 20074 | Gauntlet | Found a transporter.
 20093 | Gauntlet | Found a transporter.
 20113 | Gauntlet | Found a transporter.
 20125 | Gauntlet | Found a transporter.
 20137 | Gauntlet | Found a transporter.
 20149 | Gauntlet | Found a transporter.
 20167 | Gauntlet | Found a transporter.
 20184 | Gauntlet | Found a transporter.
 20186 | Gauntlet | Found a transporter.
 20206 | Gauntlet | Found a large runed translucent door.
 20207 | Gauntlet | Found a large runed translucent door.
 20211 | Gauntlet | Found a runed translucent gate.
 20211 | Gauntlet | Found a runed translucent gate.
 20211 | Gauntlet | Found a runed translucent gate.
 20213 | Gauntlet | Found a transporter.
 20215 | Gauntlet | Found a transporter.
 20217 | Gauntlet | Found a transporter.
 20231 | Gauntlet | Found a large runed translucent door.
 20232 | Gauntlet | Found a large runed translucent door.
 20245 | Gauntlet | Found a transporter.
 20247 | Gauntlet | Found a transporter.
 20666 | Gauntlet | Reached skill level 10 in Invocations
 20705 | Gauntlet | Got a pair of distressingly furry boots
 20706 | Gauntlet | Identified the cursed +0 pair of boots "Segy Houkk" {rPois
                  | Str-2 Int+3 SInv} (You found it in a Gauntlet)
 20971 | Lair:4   | Reached XP level 16. HP: 139/139 MP: 23/23
 21156 | Lair:4   | Noticed Josephine
 21169 | Lair:4   | Killed Josephine
 21304 | Lair:4   | Found a hole to the Spider Nest.
 21414 | Lair:4   | Reached skill level 17 in Fighting
 21768 | Lair:5   | Found a staircase to the Slime Pits.
 22280 | Lair:5   | Noticed Sonja
 22296 | Lair:5   | Killed Sonja
 22393 | Lair:6   | Entered Level 6 of the Lair of Beasts
 22407 | Lair:6   | Noticed Kirke
 22428 | Lair:6   | Killed Kirke
 22919 | Lair:6   | Learned a level 8 spell: Necromutation
 23611 | Swamp:1  | Entered Level 1 of the Swamp
 23614 | Swamp:1  | Reached skill level 1 in Dodging
 23621 | Swamp:1  | Reached skill level 18 in Fighting
 23807 | Lair:3   | Reached skill level 10 in Maces & Flails
 23901 | Swamp:1  | Reached XP level 17. HP: 149/149 MP: 24/24
 23922 | Swamp:1  | Found a frozen archway.
 23926 | IceCv    | Entered an ice cave
 24291 | IceCv    | Identified a +0 pair of boots of running (You found it in
                  | an ice cave)
 24793 | Swamp:1  | You fall into a shaft and drop 1 floor!
 24923 | Swamp:1  | Got a bloodstained ring mail
 24924 | Swamp:1  | Identified the cursed +1 ring mail of Hefiq {rF+ rC+} (You
                  | found it on level 1 of the Swamp)
 25824 | Swamp:3  | Noticed a thorn hunter
 25852 | Swamp:3  | Killed a thorn hunter
 26156 | Swamp:3  | Reached skill level 5 in Dodging
 26743 | Swamp:3  | Identified the +4 trident "Efinga" {venom, +Blink +Fly
                  | rPois rF-}
 26744 | Swamp:3  | Noticed TrebMcFLY's ghost (adept TrMo)
 26744 | Swamp:3  | Found a runed translucent door.
 26779 | Swamp:3  | Killed TrebMcFLY's ghost
 26786 | Swamp:3  | HP: 1/151 [spriggan rider/the +4 trident "Efinga" {venom,
                  | +Blink +Fly rPois rF-} (22)]
 26786 | Swamp:3  | Demolished by an alligator

Levels and vault maps discovered:
D:1:      lightli_arrival_statuegarden, layout_basic, st_stairs_1,
          grunt_decor_mini_mirrors
D:2:      layout_rooms, vehumet_crystals, bloody_makhleb, uniq_natasha
D:3:      layout_basic, first_ration, gup_sewer_entry_pipe
D:4:      layout_loops_ring, minmay_bent
D:5:      layout_basic
D:6:      cheibrodos_thug_alley, layout_cave_pools, temple_fountains,
          serial_gnoll_camp, gnoll_camp_mini_loothouse, gnoll_camp_huts_basic,
          gnoll_camp_mini_doghouse, gnoll_camp_mini_doghouse,
          gnoll_camp_mini_hut, gnoll_camp_mini_shop, nrook_loot_triangle,
          uniq_crazy_yiuf_cottage, uniq_menkaure
D:7:      layout_rooms, kennysheep_generic_room_16, uniq_harold
D:8:      layout_loops_ring, grunt_livestock, hangedman_decor_clover_reticule
D:9:      layout_grid_maze, lair_entry_dummy, basic_altar, minmay_the_grid_2x2
          [minmay_the_grid_tri_star, minmay_the_grid_outer_diamond,
          minmay_the_grid_plusring, minmay_the_grid_prize_shrinking_boxes]
D:10:     layout_roguey, skrybe_limestone_x
D:11:     layout_basic, david_orc_5, serial_shops, kennysheep_little_box,
          xom_redecorated, uniq_maurice
D:12:     layout_basic, basic_altar, minmay_misc_feat_cross,
          lightli_elemental_guards
D:13:     minmay_tearing_corner, layout_rooms, david_vaults_1, serial_shops,
          shop
D:14:     layout_loops_corners, serial_shops, shop, shop, shop, shop,
          nicolae_shop_waterfront
D:15:     gammafunk_depths_entry_grave, layout_long_grid, serial_bayou,
          serial_bayou_ford_a, serial_bayou_pond_e, serial_bayou_shore_a,
          serial_bayou_pond_e, serial_bayou_shore_b, basic_altar,
          dk_noncrumbling_3, drop_trap
Temple:   regret_index_temple_sigil_plot
Lair:1:   layout_regular_city, small_statue_intersection, serial_bayou_pond_d,
          lemuel_fruit_tree
Lair:2:   layout_small_grid
Lair:3:   kb_forest_paths, layout_chaotic_city, skrybe_swamp_entry_bodies,
          nicolae_quartered_pool_medium, chequers_serial_rivers_micro_b
Lair:4:   layout_cave_pods, nicolae_spider_entry_orb_guardian,
          gauntlet_entry_generic, st_stairs_4, serial_bayou_shore_b,
          uniq_josephine
Lair:5:   layout_gridlike, nicolae_slime_entry_slimehenge, uniq_sonja
Lair:6:   minmay_lair_end_enchanted_forest, layout_regular_city,
          grunt_megastairs_1, uniq_kirke
Swamp:1:  layout_basic_swamp, portal_ice_cave_entry_pillars_four,
          nicolae_swamp_feature_on_the_river_bank, swamp_pool1
Swamp:2:  layout_falls_marsh, hangedman_swamp_lotus, swamp_pool3,
          grunt_witch_cave
Swamp:3:  layout_basic_swamp, ebering_ghost_funeral_grove,
          evilmike_swamp_ruin_house_5, swamp_pool1, nicolae_swamp_round_clearing
Orc:1:    layout_caves, mines3_lemuel
Orc:2:    st_orc_mages, layout_caves, serial_shops, bzr_in_the_mist,
          basic_altar, nicolae_orc_stony_grotto
Depths:1: layout_cave_pools, lightli_too_deep, abyss_entry,
          kennysheep_generic_room_4, uniq_asterion, uniq_aizul

Skill      XL: |  1  2  3  4  5  6  7  8  9 10 11 12 13 14 15 16 17 |
---------------+----------------------------------------------------+-----
Shields        | 4 5 6 8 9 10 | 10.3
Fighting       | 4 5 6 7 8 10 11 13 14 15 16 18 | 18.8
Staves         | 3 4 5 6 7 9 10 11 13 14 | 14.0
Armour         | 5 8 10 11 12 | 12.0
Invocations    | 7 10 | 10.0
Maces & Flails | 1 6 10 11 | 11.5
Dodging        | 2 5 |  5.7

Action                   |  1- 3 |  4- 6 |  7- 9 | 10-12 | 13-15 | 16-18 || total
-------------------------+-------+-------+-------+-------+-------+-------++-------
Melee: Quarterstaff      |   149 |   216 |    79 |       |       |       ||   444
       Lajatang          |       |       |   443 |   837 |   929 |       ||  2209
       Spear             |       |       |     5 |       |       |       ||     5
       Great mace        |       |       |       |     7 |    24 |       ||    31
       Morningstar       |       |       |       |       |   218 |   843 ||  1061
Invok: Minor Destruction |       |       |       |     6 |       |       ||     6
       Greater Servant o |       |       |       |       |     1 |       ||     1
 Abil: Dig               |     1 |     3 |     3 |     6 |    11 |     8 ||    32
Evoke: Wand              |       |       |       |    20 |       |     1 ||    21
  Use: Scroll            |       |       |     9 |    22 |    10 |     3 ||    44
       Potion            |       |       |       |       |     1 |     4 ||     5
 Stab: Held in net/web   |       |       |       |     1 |       |       ||     1
  Eat: Chunk             |       |     6 |    14 |    33 |    41 |    19 ||   113
       Ration            |       |       |       |       |     1 |       ||     1
Armor: Scale mail        |    71 |    99 |   179 |       |   281 |   324 ||   954
       Chain mail        |       |       |       |   272 |    37 |     2 ||   311
Dodge: Dodged            |    65 |    69 |   175 |   150 |   216 |   248 ||   923
Block: Shield            |    89 |   124 |   420 |   512 |   668 |   673 ||  2486
       Reflection        |       |       |     4 |    23 |    27 |    14 ||    68
